 Dungeon Crawl Stone Soup version 0.17-b1-18-g553e9fc (webtiles) character file.

213 Kloppie the Shooter (level 5, -8/41 HPs)
             Began as a Centaur Hunter on Nov 4, 2015.
             Killed by divine providence
             ... invoked by an orc priest
              (15 damage)
             ... on level 3 of the Dungeon.
             The game lasted 00:06:24 (3539 turns).

Kloppie the Shooter (Centaur Hunter)                Turns: 3539, Time: 00:06:24

Health: -8/41      AC:  6    Str: 14    XL:     5   Next: 59%
Magic:  5/5        EV: 10    Int: 10    God:
Gold:   137        SH:  0    Dex: 11    Spells: 0 memorised, 4 levels left

rFire  . . .     SeeInvis .     b - +0 short sword
rCold  . . .     Clarity  .     d - +0 leather armour
rNeg   . . .     SustAt   .     (no shield)
rPois  .         Gourm    .     (no helmet)
rElec  .         Spirit   .     (no cloak)
rCorr  .         Warding  .     u - +0 pair of gloves
rMut   .         Stasis   .     (no barding)
MR     .....                    (no amulet)
Stlth  +.........               (no ring)
                                (no ring)

@: very quick, not resistant to hostile enchantments, very unstealthy
A: hooves 3, molten scales 1, deformed body, speed 2, sense surroundings 1,
tough skin 3, subdued magic 1
a: no special abilities


You were on level 3 of the Dungeon.
You were not hungry.

You visited 1 branch of the dungeon, and saw 3 of its levels.

You collected 137 gold pieces.

Inventory:

Hand Weapons
 a - a +1 shortbow
 b - a +0 short sword (weapon)
Missiles
 c - 21 arrows
Armour
 d - a +0 leather armour (worn)
 u - a +0 pair of gloves (worn)
Jewellery
 j - an uncursed amulet of warding {unknown}
 s - a cursed ring of teleportation {unknown}
Scrolls
 h - a scroll of noise {unknown}
 k - a scroll of amnesia {unknown}
 l - a scroll of random uselessness {unknown}
 m - a scroll of immolation {unknown}
 n - 2 scrolls of identify {unknown}
 o - a scroll of teleportation {unknown}
 p - a scroll of fear {unknown}
 q - a scroll of remove curse {unknown}
Potions
 f - a potion of mutation
 i - a potion of degeneration {unknown}
 r - 3 potions of curing {unknown}
 t - 2 potions of resistance {unknown}
Comestibles
 e - 3 bread rations
 g - 5 fruits


   Skills:
 - Level 2.0 Fighting
 + Level 7.5 Bows
 + Level 3.2 Dodging
 - Level 0.5 Stealth


You had 4 spell levels left.
You didn't know any spells.

Dungeon Overview and Level Annotations

Branches:
Dungeon (3/15)

Altars:
Makhleb


Innate Abilities, Weirdness & Mutations

You have hooves in place of feet.
Armour fits poorly on your strangely shaped body.
You cover ground very quickly.
You have extremely tough skin (AC +3).
You are partially covered in molten scales (AC +1).
You passively map a small area around you.
Your spells are a little easier to cast, but a little less powerful.


Message History

* * * LOW HITPOINT WARNING * * *
You closely miss the orc priest.
The orc priest is almost dead.
The orc priest closely misses you.
You closely miss the orc priest. Your kick misses the orc priest.
The orc priest is almost dead.
The orc priest hits you with a hand axe.
* * * LOW HITPOINT WARNING * * *
You barely miss the orc priest.
The orc priest is almost dead.
The orc priest hits you but does no damage.
You completely miss the orc priest.
The orc priest is almost dead.
The orc priest hits you but does no damage.
You hit the orc priest but do no damage.
Your kick misses the orc priest.
The orc priest is almost dead.
The orc priest invokes the aid of Beogh against you.
Something smites you!
You die...

* ** ### * #.. , . ,
###* #.# .. , #..,
##.##* .! #.# ###
,... , ..,, #.###.##
#)# *,.#, ** ,
#.##.#.###.###..#.#
#.#.###.†.#.@og..(#
* *
#>##^#.#.#.###r.....
#...#.##.#.# (..(# *
##....##.#.#** ,...#
###....##.... * ...
#.......#.... , ,..
, #.......#..... , .
#.......#.#... , , *
* #.#...###..... , ,


You could see an orc priest, a goblin and a rat.

Vanquished Creatures
  An orc priest (D:3)
  3 orc wizards (D:3)
  4 adders (D:2)
  A worm (D:3)
  3 giant geckos
  5 orcs
  5 giant cockroaches
  A goblin (D:2)
  3 hobgoblins
  10 jackals
  5 kobolds
  8 bats
  3 giant newts
  A quokka (D:2)
  6 rats
59 creatures vanquished.

Notes
Turn   | Place    | Note
--------------------------------------------------------------
     0 | D:1      | Kloppie the Centaur Hunter began the quest for the Orb.
     0 | D:1      | Reached XP level 1. HP: 17/17 MP: 1/1
   272 | D:1      | Reached XP level 2. HP: 11/24 MP: 2/2
  1084 | D:2      | Gained mutation: You are partially covered in molten scales (AC +1). [potion of mutation]
  1084 | D:2      | Gained mutation: Your spells are a little easier to cast, but a little less powerful. [potion of mutation]
  1084 | D:2      | Gained mutation: You passively map a small area around you. [potion of mutation]
  1598 | D:2      | Reached skill level 6 in Bows
  1598 | D:2      | Reached XP level 3. HP: 14/29 MP: 3/3
  2187 | D:2      | Reached XP level 4. HP: 21/36 MP: 4/4
  2696 | D:2      | Found a burning altar of Makhleb.
  3217 | D:3      | Reached skill level 7 in Bows
  3217 | D:3      | Reached XP level 5. HP: 31/41 MP: 5/5
  3539 | D:3      | Killed from afar by an orc priest

Action                   |  1- 3 |  4- 6 || total
-------------------------+-------+-------++-------
Melee: Short sword       |   141 |   122 ||   263
 Fire: Shortbow          |     2 |    31 ||    33
  Use: Potion            |     2 |       ||     2
  Eat: Chunk             |     3 |     4 ||     7
